 Dungeon Crawl Stone Soup version 0.17-a0-854-g4a4ba72 (console) character file.

5649 sose the Reanimator (level 10, 33/87 HPs)
             Began as a Deep Dwarf Necromancer on Apr 28, 2015.
             Was a Follower of Makhleb.
             Quit the game on level 9 of the Dungeon.
             The game lasted 00:58:35 (12132 turns).

sose the Reanimator (Deep Dwarf Necromancer)       Turns: 12132, Time: 00:58:35

Health: 33/87      AC:  6    Str: 12    XL:     10   Next: 46%
Magic:  19/19      EV: 16    Int: 19    God:    Makhleb [*.....]
Gold:   80         SH:  0    Dex: 13    Spells: 7 memorised, 4 levels left

rFire  . . .     SeeInvis .     U - +4 war axe (elec)
rCold  . . .     Clarity  .     B - +2 robe {MR+}
rNeg   . . .     SustAb   .     (no shield)
rPois  .         Gourm    .     (no helmet)
rElec  .         Spirit   .     (no cloak)
rCorr  +         Warding  .     R - +1 pair of gloves
rMut   .         Stasis   .     (no boots)
MR     ++...                    D - amulet of resist corrosion
Stlth  +++.......               F - ring of stealth
                                O - ring of wizardry

@: non-regenerating, very resistant to hostile enchantments, fairly stealthy
A: damage resistance, recharge devices, sense surroundings 2, slow healing 3
a: Device Recharging, Renounce Religion


You were on level 9 of the Dungeon.
You worshipped Makhleb.
Makhleb was aware of your devotion.
You were not hungry.

You visited 2 branches of the dungeon, and saw 10 of its levels.

You collected 565 gold pieces.
You spent 485 gold pieces at shops.

Inventory:

Hand weapons
 g - a +0 whip
 i - a +3 dagger of venom
 n - a +0 blowgun
 Q - a +0 quarterstaff of draining
 U - a +4 war axe of electrocution (weapon)
Missiles
 e - 259 stones (quivered)
 u - 42 poisoned needles
 P - 6 curare-tipped needles
Armour
 w - a cursed +0 chain mail
 B - a +2 robe of magic resistance (worn)
 R - a +1 pair of gloves (worn)
Jewellery
 j - an uncursed ring of protection from magic
 t - an uncursed amulet of resist mutation
 D - an amulet of resist corrosion (around neck)
 F - a ring of stealth (right hand)
 I - an uncursed ring of teleport control
 O - a ring of wizardry (left hand)
Magical devices
 c - a wand of heal wounds (4)
 L - a wand of random effects (11)
 M - a wand of disintegration (7)
Scrolls
 f - 2 scrolls of enchant armour
 h - a scroll of fog
 l - 4 scrolls of identify
 C - 3 scrolls of noise {unknown}
 H - a scroll of remove curse
 N - a scroll of immolation {unknown}
Potions
 d - a potion of might {unknown}
 m - 2 potions of ambrosia
 p - a potion of haste {unknown}
 r - 4 potions of curing
 s - 2 potions of degeneration {unknown}
 v - a potion of beneficial mutation {unknown}
 x - a potion of agility {unknown}
 z - a potion of restore abilities {unknown}
 A - 2 potions of magic {unknown}
 G - 3 potions of heal wounds
Books
 b - a book of Necromancy

   Spells                             Type                      Level
   a - Pain                           Necromancy                   1
   b - Animate Skeleton               Necromancy                   1
   c - Vampiric Draining              Necromancy                   3
   d - Regeneration                   Charms/Necromancy            3
   e - Animate Dead                   Necromancy                   4
   f - Control Undead                 Necromancy                   4
 E - a book of Summonings

   Spells                             Type                      Level
   a - Abjuration                     Summoning                    3
   b - Recall                         Summoning/Translocation      3
   c - Shadow Creatures               Summoning                    5
   d - Summon Demon                   Summoning                    5
   e - Summon Forest                  Summoning/Translocation      5
   f - Monstrous Menagerie            Summoning                    6
 J - a book of Flames

   Spells                             Type                      Level
   a - Flame Tongue                   Conjuration/Fire             1
   b - Throw Flame                    Conjuration/Fire             2
   c - Conjure Flame                  Conjuration/Fire             3
   d - Inner Flame                    Hexes/Fire                   3
   e - Sticky Flame                   Conjuration/Fire             4
   f - Fireball                       Conjuration/Fire             5
 S - a book of Air

   Spells                             Type                      Level
   a - Shock                          Conjuration/Air              1
   b - Swiftness                      Charms/Air                   2
   c - Repel Missiles                 Charms/Air                   2
   d - Flight                         Charms/Air                   3
   e - Static Discharge               Conjuration/Air              3
   f - Lightning Bolt                 Conjuration/Air              5
Comestibles
 a - 3 beef jerkies
 k - 4 meat rations
 o - 4 fruits
 K - 4 bread rations


   Skills:
 - Level 4.9 Fighting
 + Level 7.6 Axes
 - Level 8.0 Dodging
 - Level 2.4 Stealth
 - Level 6.1 Spellcasting
 - Level 1.2 Charms
 - Level 9.0 Necromancy
 - Level 4.4 Invocations


You had 4 spell levels left.
You knew the following spells:

 Your Spells              Type           Power        Failure   Level  Hunger
a - Pain                  Necr           ####         1%          1    None
b - Animate Skeleton      Necr           N/A          1%          1    None
c - Vampiric Draining     Necr           #####.....   1%          3    ##.....
d - Animate Dead          Necr           N/A          1%          4    ####...
e - Control Undead        Necr           #####.....   1%          4    ####...
f - Repel Missiles        Chrm/Air       #.....       6%          2    None
g - Swiftness             Chrm/Air       #.......     6%          2    None


Dungeon Overview and Level Annotations

Branches:
Dungeon (9/15)             Temple (1/1) D:5             Orc (0/4) D:9
   Lair: D:8-11

Altars:
Ashenzari
Cheibriados
Dithmenos
Elyvilon
Fedhas
Gozag
Kikubaaqudgha
Makhleb
Nemelex Xobeh
Okawaru
Qazlal
Ru
Sif Muna
Trog
Vehumet
Xom
Yredelemnul
Zin
The Shining One

Shops:
D:4 [   D:7 [   D:9 *!:!=

Annotations:
D:4 exclusion: statue


Innate Abilities, Weirdness & Mutations

You are resistant to damage.
You can recharge devices by infusing magical energy.
You passively map the area around you.
You do not heal naturally.


Message History

There is a stone staircase leading up, spattered with blood here.
Read which item? (? for menu, Esc to quit)
Okay, then.
Casting: Pain
Confirm with . or Enter, or press ? or * to list all spells.
Okay, then.
Press: ? - help, v - describe, . - travel
Here: a four-headed hydra The floor.
Unknown command.
Casting: Pain
Confirm with . or Enter, or press ? or * to list all spells.
Okay, then.
Unknown command.
Unknown command.
Press: ? - help, v - describe, . - travel
Here: a four-headed hydra The floor.
Unknown command.
Are you sure you want to abandon this character and quit the game? (Confirm with "yes".)

#..###..## #..# ####
#.......# #..# #...
#....†..## #..# #..#
#........#####.[###...
#...........#...[.....
#^.##....##Z#...##...Z
#..##.#.###.....######
#..#....'∩#......# ##.
#...D@..#####.#..###.#
#................##.#.
#........#.##....#.#.#
#..#....##.##.....##Z#
#..##.#.##.∩......#.##
#..##.#.###.#.....#..#
#..##.#.##..##....#..#
#..##...##.###.....##.
#..##...#..# ##....##.


You could see a four-headed hydra.

Vanquished Creatures
  An unseen horror (D:9)
  A hill giant (D:9)
  Grinder (D:3)
  A troll (D:8)
  A wyvern (D:8)
  2 wolves (D:8)
  4 hungry ghosts
  A water moccasin (D:6)
  2 sky beasts (D:5)
  A black bear (D:9)
  An orc warrior (D:8)
  An eye of draining (D:8)
  A phantom (D:7)
  5 ogres
  2 centaurs
  A crocodile (D:9)
  4 giant frogs
  2 wights (D:9)
  4 scorpions
  A goliath beetle (D:6)
  An electric eel (D:8)
  2 crimson imps
  5 hounds
  2 giant frog zombies (D:5)
  A jelly (D:7)
  A centaur skeleton (D:8)
  4 orc priests
  6 orc wizards
  11 worker ants
  Terence (D:3)
  3 iguanas
  A hound skeleton (D:9)
  16 adders
  2 shadow imps
  3 adder skeletons
  4 giant geckos
  21 orcs
  13 bats
  14 goblins
  19 hobgoblins
  3 jackals
  5 quokkas
  A ball python skeleton (D:4)
  5 giant cockroaches
  A giant gecko skeleton (D:5)
  A giant gecko zombie (D:7)
  10 giant newts
  2 giant spores
  14 kobolds
  3 quokka skeletons
  16 rats
  3 ballistomycetes (D:9)
231 creatures vanquished.

Vanquished Creatures (collateral kills)
  The ghost of OrbSeeker the Covert, an experienced SpAs (D:4)
  2 wights (D:9)
  A crimson imp (D:5)
  A centaur skeleton (D:7)
  A worm (D:3)
  2 orcs (D:5)
  A bat (D:9)
  A goblin (D:5)
  A hobgoblin (D:4)
  2 jackals
  A rat (D:5)
14 creatures vanquished.

Vanquished Creatures (others)
  An orc (D:8)
1 creature vanquished.

Grand Total: 246 creatures vanquished

Notes
Turn   | Place    | Note
--------------------------------------------------------------
     0 | D:1      | sose, the Deep Dwarf Necromancer, began the quest for the Orb.
     0 | D:1      | Reached XP level 1. HP: 15/15 MP: 3/3
   291 | D:1      | Reached XP level 2. HP: 22/22 MP: 2/4
   360 | D:1      | Reached skill level 5 in Necromancy
   424 | D:1      | Learned a level 1 spell: Animate Skeleton
  1039 | D:2      | Reached XP level 3. HP: 19/28 MP: 1/5
  1144 | D:2      | Learned a level 3 spell: Vampiric Draining
  1252 | D:2      | Found a stormy altar of Qazlal.
  1435 | D:2      | Reached skill level 6 in Necromancy
  1558 | D:2      | Reached XP level 4. HP: 18/36 MP: 0/6
  1926 | D:3      | Noticed Grinder
  2279 | D:3      | Killed Grinder
  2279 | D:3      | Reached skill level 8 in Necromancy
  2279 | D:3      | Reached XP level 5. HP: 33/42 MP: 3/7
  2279 | D:3      | Reached XP level 6. HP: 38/49 MP: 3/8
  2437 | D:3      | Noticed Terence
  2442 | D:3      | Killed Terence
  2859 | D:4      | Noticed OrbSeeker's ghost (experienced SpAs)
  3026 | D:4      | Reached skill level 9 in Necromancy
  3196 | D:4      | Found a radiant altar of Vehumet.
  3301 | D:4      | Reached XP level 7. HP: 52/55 MP: 2/9
  3669 | D:4      | Found Ogesyf's Antique Armour Shoppe.
  3676 | D:4      | Bought a runed robe for 18 gold pieces
  3893 | D:4      | Learned a level 4 spell: Animate Dead
  4057 | D:4      | Killed OrbSeeker's ghost
  4057 | D:4      | Reached skill level 5 in Dodging
  4086 | D:4      | Found a shadowy altar of Dithmenos.
  4342 | D:4      | Bought a cloak for 117 gold pieces
  4376 | D:4      | Found an ancient bone altar of Kikubaaqudgha.
  4400 | D:5      | Entered Level 5 of the Dungeon
  4535 | D:5      | Reached XP level 8. HP: 38/62 MP: 6/11
  4989 | D:5      | Got a heavily jewelled robe
  5000 | D:5      | Identified the +2 robe of Brilliance {-Tele Str+2 SInv} (You found it on level 5 of the Dungeon)
  5126 | D:5      | Learned a level 4 spell: Control Undead
  5342 | D:5      | Found a staircase to the Ecumenical Temple.
  5361 | Temple   | Entered the Ecumenical Temple
  6287 | D:6      | Found an ancient bone altar of Kikubaaqudgha.
  6659 | D:6      | Reached skill level 5 in Spellcasting
  6761 | D:6      | Found a snail-covered altar of Cheibriados.
  7009 | D:6      | Found a basalt altar of Yredelemnul.
  7772 | D:7      | Found a glowing silver altar of Zin.
  8058 | D:7      | Reached skill level 1 in Fighting
  8058 | D:7      | Gained mutation: You passively map the area around you. [Deep Dwarf growth]
  8058 | D:7      | Reached XP level 9. HP: 43/70 MP: 16/18
  8441 | D:7      | Found Qyzeddoh's Antique Armour Boutique.
  9570 | D:8      | Found a burning altar of Makhleb.
  9581 | D:8      | Became a worshipper of Makhleb the Destroyer
  9829 | D:8      | Reached skill level 1 in Invocations
 10555 | D:9      | Found Okuogalo's Assorted Antiques.
 10558 | D:9      | Bought a tapered copper wand for 112 gold pieces
 10558 | D:9      | Bought a pair of runed gloves for 126 gold pieces
 10650 | D:9      | Learned a level 2 spell: Repel Missiles
 10653 | D:9      | Learned a level 2 spell: Swiftness
 10676 | D:9      | Found a deep blue altar of Sif Muna.
 10679 | D:9      | Found a staircase to the Orcish Mines.
 10753 | D:9      | Found Vuosch's Jewellery Boutique.
 10830 | D:9      | Reached skill level 1 in Charms
 10897 | D:9      | Acquired Makhleb's first power
 10897 | D:9      | Reached skill level 1 in Axes
 11067 | D:8      | Reached XP level 10. HP: 21/87 MP: 1/19
 11264 | D:9      | Found Ruet's Distillery.
 11273 | D:9      | Bought a potion of curing for 42 gold pieces
 11273 | D:9      | Bought a potion of heal wounds for 70 gold pieces
 11453 | D:9      | Noticed a hill giant
 11468 | D:9      | Killed a hill giant
 11468 | D:9      | Reached skill level 5 in Axes
 11821 | D:9      | Killed an unseen horror
 11879 | D:9      | Found Ujabryt's Distillery.
 11905 | D:9      | Acquired Makhleb's second power
 11921 | D:9      | Found Ivaratuaba's Book Boutique.
 11988 | D:9      | Noticed a four-headed hydra
 12132 | D:9      | Quit the game

Action                   |  1- 3 |  4- 6 |  7- 9 | 10-12 || total
-------------------------+-------+-------+-------+-------++-------
Melee: Unarmed           |     2 |       |       |       ||     2
       Whip              |     2 |       |       |       ||     2
       Dagger            |    26 |    75 |   336 |       ||   437
       War axe           |       |       |    37 |    60 ||    97
       Quarterstaff      |       |       |    26 |       ||    26
Throw: Stone             |       |     1 |     6 |       ||     7
 Cast: Pain              |    46 |    30 |    89 |    15 ||   180
       Vampiric Draining |     2 |    21 |    96 |    19 ||   138
       Animate Skeleton  |       |     1 |     4 |       ||     5
       Animate Dead      |       |       |    14 |     1 ||    15
       Control Undead    |       |       |     7 |       ||     7
Evoke: Wand              |       |     2 |    11 |    11 ||    24
  Use: Scroll            |       |     8 |     7 |    10 ||    25
       Potion            |       |       |       |     2 ||     2
 Stab: Sleeping          |       |     4 |     9 |       ||    13
       Distracted        |       |       |     2 |       ||     2
  Eat: Chunk             |     4 |     4 |    22 |     2 ||    32
       Bread ration      |       |     1 |     1 |     1 ||     3
       Pizza             |       |     1 |       |       ||     1
       Royal jelly       |       |       |     1 |       ||     1
       Beef jerky        |       |       |     3 |     1 ||     4
       Meat ration       |       |       |     1 |       ||     1
       Fruit             |       |       |     1 |     2 ||     3
